 Dungeon Crawl Stone Soup version 0.31-a0-325-g067879e3d3 (webtiles) character file.

Game seed: 6575873889726158473

601 cforsyth the Ruffian (level 7, -5/55 HPs)
             Began as a Vampire Shapeshifter on July 19, 2023.
             Was an Initiate of Hepliaklqana.
             Slain by a gnoll sergeant
             ... wielding a +2 spear of freezing
              (12 damage)
             ... on level 5 of the Dungeon.
             The game lasted 00:03:38 (4184 turns).

cforsyth the Ruffian (Vampire Shapeshifter)         Turns: 4184, Time: 00:03:39

Health: -5/55      AC:  2    Str: 16    XL:     7   Next: 18%
Magic:  7/7        EV: 12    Int: 10    God:    Hepliaklqana [......]
Gold:   302        SH:  0    Dex: 15    Spells: 6/6 levels left

rFire   . .          .
                       - Unarmed
rCold   . . .        (no shield)
rNeg    . . .        a - +0 animal skin
rPois   .            (helmet currently unavailable)
rElec   .            (cloak currently unavailable)
rCorr   .            (gloves currently unavailable)
SInv    +            (boots currently unavailable)
Will    .....        (no amulet)
Stlth   +            (no ring)
HPRegen 0.49/turn    (no ring)
MPRegen 0.10/turn

%: no passive effects
@: beast-form, healing quickly
A: beast (slay +3), alive, fangs 3, see invisible, vampiric 2
a: Exsanguinate, Begin Untransformation, Renounce Religion


You were on level 5 of the Dungeon.
You worshipped Hepliaklqana.
Hepliaklqana was noncommittal.
You were a hulking beast.
You visited 2 branches of the dungeon, and saw 6 of its levels.

You collected 302 gold pieces.

Inventory:

Armour
 a - a +0 animal skin (worn)
 d - a +0 helmet
 t - a +1 cloak
Jewellery
 p - a ring of resist corrosion
 q - a ring of protection from fire
Talismans
 c - a beast talisman
Wands
 x - a wand of roots (7)
 z - a wand of acid (13)
Scrolls
 e - 3 scrolls of revelation {unknown}
 h - 3 scrolls of identify {unknown}
 l - a scroll of fog {unknown}
 m - 3 scrolls of fear {unknown}
 n - 2 scrolls of teleportation {unknown}
 o - a scroll of torment {unknown}
 r - a scroll of amnesia {unknown}
 s - a scroll of brand weapon {unknown}
 v - a scroll of summoning {unknown}
 y - 4 scrolls of noise {unknown}
 A - a scroll of enchant weapon {unknown}
Potions
 b - 2 potions of lignification
 f - 2 potions of degeneration {unknown}
 g - a potion of haste {unknown}
 i - a potion of berserk rage {unknown}
 j - 2 potions of heal wounds {unknown}
 k - 4 potions of curing {unknown}
 u - a potion of resistance {unknown}
 w - 2 potions of might {unknown}


   Skills:
 + Level 4.4 Fighting
 - Level 2.1 Dodging
 + Level 5.2 Unarmed Combat
 + Level 5.2 Shapeshifting


You had 6 spell levels left.
You didn't know any spells.
Your spell library contained the following spells:

 Spells                   Type           Power      Damage    Failure   Level
 Frozen Ramparts          Ice            0%         1d1       75%         3
 Petrify                  Tmut/Erth      0%         N/A       98%         4
 Metabolic Englaciation   Hex/Ice        0%         N/A       100%        5


Dungeon Overview and Level Annotations

Branches:
Dungeon (5/15)             Temple (1/1) D:4

Altars:
Cheibriados
Dithmenos
Fedhas
Gozag
Hepliaklqana
Kikubaaqudgha
Makhleb
Nemelex Xobeh
Okawaru
Qazlal
Sif Muna
Trog
Uskayaw
Vehumet
Wu Jian
Xom
Yredelemnul

Shops:
D:3 :


Innate Abilities, Weirdness & Mutations

You are a hulking beast.
Your limbs bulge with bestial killing power. (Slay +3)
Your natural rate of healing is accelerated.
You have razor-sharp teeth.
You have supernaturally acute eyesight. (SInv)
You are afflicted with vampirism and can become a bat while bloodless.


Message History

A gnoll sergeant comes into view. It is wielding a +2 spear of freezing.
The gnoll sergeant shouts!
You hear a shout!
The gnoll throws a throwing net.
The throwing net misses you.
A gnoll comes into view. It is wielding a +0 halberd.
The gnoll throws a throwing net.
The throwing net closely misses you.
A gnoll comes into view. It is wielding a +0 flail.
The gnoll hits you with a +0 halberd!
The gnoll sergeant hits you from afar with a +2 spear of freezing!
The gnoll sergeant freezes you.
The gnoll moves out of view.
You punch the gnoll! You bite the gnoll.
You kill the gnoll!
The gnoll sergeant closely misses you. The gnoll closely misses you.
You see here a +0 halberd.
You hit the gnoll sergeant.
The gnoll sergeant is lightly wounded.
The gnoll sergeant hits you with a +2 spear of freezing!
The gnoll sergeant freezes you.
The gnoll hits you from afar with a +0 halberd.
You are too injured to fight recklessly!
You are too injured to fight recklessly!
You are too injured to fight recklessly!
You are too injured to fight recklessly!
You are too injured to fight recklessly!
You are too injured to fight recklessly!
You are too injured to fight recklessly!
You are too injured to fight recklessly!
You are too injured to fight recklessly!
The gnoll shouts!
You hit the gnoll sergeant but do no damage.
You bite the gnoll sergeant.
The gnoll sergeant is moderately wounded.
The gnoll sergeant hits you with a +2 spear of freezing.
The gnoll sergeant freezes you.
* * * LOW HITPOINT WARNING * * *
The gnoll hits you from afar with a +0 halberd!
* * * LOW HITPOINT WARNING * * *
Unknown command.
The gnoll sergeant hits you from afar with a +2 spear of freezing!
You die...

. #####.. ....g..
####### ###g...#
.##.....## #.)g#
....(....#######h###
..........##......#
..........##......#
..>...............#
............(.....#
..........##$.....#
..........##......#
.........##.......#
............#######


You could see a gnoll sergeant and 2 gnolls.

Vanquished Creatures
  Sigmund (D:4)
  An orc priest (D:5)
  6 hounds
  Ijyb (D:4)
  4 gnolls
  6 adders
  A shadow imp (D:5)
  2 worms
  2 dart slugs
  13 orcs
  9 ball pythons
  8 endoplasms
  9 goblins
  9 jackals
  5 quokkas
  3 bats
  2 frilled lizards
  5 kobolds
  10 rats
97 creatures vanquished.

Notes
Turn   | Place    | Note
-------+----------+-------------------------------------------
     0 | D:1      | cforsyth the Vampire Shapeshifter began the quest for the
                  | Orb.
     0 | D:1      | Reached XP level 1. HP: 16/16 MP: 1/1
   270 | D:1      | Reached XP level 2. HP: 22/22 MP: 2/2
  1021 | D:2      | Gained mutation: You are afflicted with vampirism and can
                  | become a bat while bloodless. [Vampire growth]
  1021 | D:2      | Reached XP level 3. HP: 23/28 MP: 3/3
  1988 | D:3      | Reached XP level 4. HP: 33/34 MP: 4/4
  2074 | D:3      | Found Coif's Book Emporium.
  2662 | D:4      | Reached XP level 5. HP: 38/41 MP: 5/5
  2817 | D:4      | Found a bloodstained altar of Trog.
  3279 | D:4      | Noticed Ijyb
  3288 | D:4      | Killed Ijyb
  3289 | D:4      | Reached XP level 6. HP: 7/48 MP: 6/6
  3552 | D:4      | Found a staircase to the Ecumenical Temple.
  3690 | D:4      | Found a sparkling altar of Nemelex Xobeh.
  3807 | Temple   | Entered the Ecumenical Temple
  3811 | Temple   | Became a worshipper of Hepliaklqana the Forgotten
  3833 | D:5      | Entered Level 5 of the Dungeon
  4005 | D:5      | Noticed Sigmund
  4082 | D:4      | Killed Sigmund
  4083 | D:4      | Reached skill level 5 in Unarmed Combat
  4083 | D:4      | Reached skill level 5 in Shapeshifting
  4083 | D:4      | Reached XP level 7. HP: 44/55 MP: 7/7
  4184 | D:5      | Slain by a gnoll sergeant

Illustrated notes

Levels and vault maps discovered:
D:1:      matt_arrival_los_fun, layout_basic
D:2:      minmay_wonky_spiral, layout_loops_ring, minmay_tripent
D:3:      layout_loops_ring, serial_shops, shop
D:4:      minmay_angry_zag, layout_basic, mainiacjoe_overflow_big_doors,
          minmay_temple_entry_mist, chequers_serial_rivers_room_a, uniq_ijyb
D:5:      layout_rooms, uniq_sigmund
Temple:   sentei_temple_godly_chess

Skill      XL: |  1  2  3  4  5  6 |
---------------+-------------------+-----
Fighting       | 2 3 4 |  4.4
Unarmed Combat | 3 4 5 |  5.2
Shapeshifting  | 4 5 |  5.2
Dodging        | |  2.1

Action                     |  1- 3 |  4- 6 |  7- 9 || total
---------------------------+-------+-------+-------++-------
  Melee: Unarmed           |    87 |   154 |     7 ||   248
         Bite              |     5 |    19 |     3 ||    27
         Punch             |     2 |     7 |       ||     9
   Stab: Sleeping          |     4 |     3 |       ||     7
 Armour: Animal skin       |    12 |    17 |       ||    29
  Dodge: Dodged            |    43 |    83 |     5 ||   131

Table legend: (Time is in decaauts)
 A = Elapsed time spent in this place.
 B = Non-inter-level travel time spent in this place.
 C = Inter-level travel time spent in this place.
 D = Time resting spent in this place.
 E = Time spent auto-exploring this place.
 F = Levels seen in this place.
 G = Mean time per level.
                   A        B        C        D        E       F      G
               +--------+--------+--------+--------+--------+-----+--------+
         Total |   4175 |   4017 |    158 |     56 |   3368 |   6 |  695.8 |
       Dungeon |   4166 |   4012 |    154 |     56 |   3368 |   5 |  833.2 |
        Temple |      8 |      4 |      4 |      0 |      0 |   1 |    8.0 |
               +--------+--------+--------+--------+--------+-----+--------+

Top non-repeatable levels by time:
     D:4: 1263 daAuts
     D:2: 1002 daAuts
     D:1: 872 daAuts
     D:3: 757 daAuts
     D:5: 270 daAuts
  Temple: 8 daAuts
